 Dungeon Crawl Stone Soup version 0.18-a0-1435-gee79d65 (webtiles) character file.

2940 Minkie the Cleaver (level 9, -1/85 HPs)
             Began as a Minotaur Berserker on Feb 28, 2016.
             Was an Elder of Trog.
             Slain by a thrashing horror (7 damage)
             ... on level 1 of the Abyss.
             The game lasted 00:23:04 (6305 turns).

Minkie the Cleaver (Minotaur Berserker)             Turns: 6305, Time: 00:23:04

Health: -1/85      AC:  9    Str: 24    XL:     9   Next: 51%
Magic:  8/8        EV:  9    Int:  4    God:    Trog [****..]
Gold:   466        SH:  0    Dex: 13    Spells: 0 memorised, 8 levels left

rFire  . . .     SeeInvis .     H - +0 war axe
rCold  . . .     Gourm    .     o - +1 chain mail
rNeg   . . .     Faith    .     (no shield)
rPois  .         Spirit   .     (helmet restricted)
rElec  .         Dismiss  .     (no cloak)
rCorr  .         Reflect  .     (no gloves)
SustAt +         Harm     .     (no boots)
MR     .....                    r - amulet of regeneration
Stlth  ..........               I - ring of sustain attributes
                                G - +2 ring of strength

@: not resistant to hostile enchantments, extremely unstealthy
A: retaliatory headbutt, horns 2
a: Berserk, Trog's Hand, Brothers in Arms, Burn Spellbooks, Renounce Religion


You were on level 1 of the Abyss.
You worshipped Trog.
Trog was greatly pleased with you.
You were not hungry.

You visited 1 branch of the dungeon, and saw 8 of its levels.
You visited the Abyss 1 time.
You also visited: Bailey.

You collected 466 gold pieces.

Inventory:

Hand Weapons
 v - a +0 shortbow
 H - a +0 war axe (weapon)
Missiles
 p - 24 bolts
 w - 14 arrows of flame
 y - 12 arrows of frost
 F - 115 arrows
Armour
 m - a +0 plate armour
 o - a +1 chain mail (worn)
Jewellery
 r - an amulet of regeneration (around neck)
 G - a +2 ring of strength (left hand)
 I - a ring of sustain attributes (right hand)
 J - an uncursed amulet of guardian spirit {unknown}
Wands
 b - a wand of flame (14/48)
 j - a wand of iceblast (13/15)
 k - a wand of flame (19/48)
 z - a wand of iceblast (10/15)
 A - a wand of iceblast (6/15)
Scrolls
 f - a scroll of fog
 g - 2 scrolls of immolation
 n - 2 scrolls of remove curse
 B - a scroll of enchant armour
Potions
 d - 13 potions of curing
 e - a potion of might
 h - 2 potions of lignification
 i - 3 potions of resistance
 l - 3 potions of flight
 q - 3 potions of agility
 t - a potion of mutation
 x - a potion of cure mutation
 C - 2 potions of heal wounds {unknown}
 D - a potion of haste {unknown}
 E - 2 potions of invisibility {unknown}
Comestibles
 a - 3 chunks of flesh
 c - 9 bread rations
 s - 7 fruits
 u - a slice of pizza


   Skills:
 + Level 9.8 Fighting
 * Level 13.0 Axes
 - Level 2.4 Armour
 - Level 2.1 Dodging


You had 8 spell levels left.
You didn't know any spells.

Dungeon Overview and Level Annotations

Branches:
Dungeon (8/15)             Temple (0/1) D:4
   Lair: D:8-11

Altars:
Ashenzari
Pakellas
Ru
Sif Muna
Vehumet
Xom
Yredelemnul
The Shining One

Annotations:
D:8 Psyche


Innate Abilities, Weirdness & Mutations

You reflexively headbutt those who attack you in melee.
You have a pair of horns on your head.


Message History

* * * LOW HITPOINT WARNING * * *
You stumble backwards!
The thrashing horror tramples you.
* * * LOW HITPOINT WARNING * * *
You hold your ground!
The thrashing horror tramples you but does no damage.
The thrashing horror roars!
You hear a low.
The thrashing horror closely misses you.
You furiously retaliate!
You headbutt the thrashing horror!
The thrashing horror completely misses you.
The thrashing horror barely misses you. You furiously retaliate!
You headbutt the thrashing horror, but do no damage.
The thrashing horror tramples you.
* * * LOW HITPOINT WARNING * * *
You hold your ground!
The thrashing horror roars!
The thrashing horror barely misses you. The thrashing horror tramples you.
* * * LOW HITPOINT WARNING * * *
You stumble backwards!
The thrashing horror tramples you!
You die...

.. .... .. ..> ....
.. #.. #..# ..# ..
#..##..##..##..
................
.......... ...
#..##..# ..#
##.@#...##..## #
..#...X#........ . .
..........)......
..##.
.##......#..#...# ##
..##.....X#.X#...##
............#........
.._....######........
≈ .
.....X......#...##
≈≈≈##..
#.#####.....#..#


You could see a thrashing horror and 2 large abominations.

Vanquished Creatures
  Pikel (D:7)
  Grinder (D:3)
  An ettin skeleton (Abyss:1)
  A spriggan (D:7)
  A wyvern (D:8)
  Menkaure (D:7)
  A soldier ant (D:8)
  2 sky beasts
  An orc warrior (D:7)
  2 slaves (D:7)
  An ogre (D:4)
  A phantom (D:4)
  2 centaurs
  A giant frog (D:7)
  2 scorpions
  5 wights (D:6)
  2 howler monkeys
  A crimson imp (D:6)
  A hound (D:5)
  An orc priest (D:7)
  A giant frog skeleton (D:7)
  An iguana (D:7)
  Terence (D:3)
  2 orc wizards
  5 worker ants
  A killer bee zombie (D:7)
  6 adders
  An ooze (D:4)
  An adder skeleton (D:6)
  3 worms
  3 dart slugs (D:1)
  8 giant geckos
  26 orcs
  10 bats
  5 giant cockroaches
  10 goblins
  9 hobgoblins
  5 kobolds
  A quokka (D:4)
  2 giant newts (D:3)
  A jackal skeleton (D:4)
  5 rats
136 creatures vanquished.

Vanquished Creatures (others)
  A plant (D:4)
1 creature vanquished.

Grand Total: 137 creatures vanquished

Notes
Turn   | Place    | Note
--------------------------------------------------------------
     0 | D:1      | Minkie the Minotaur Berserker began the quest for the Orb.
     0 | D:1      | Reached XP level 1. HP: 19/19 MP: 0/0
   116 | D:1      | Reached skill level 4 in Axes
   159 | D:1      | Reached XP level 2. HP: 16/27 MP: 1/1
   649 | D:1      | Reached ** piety under Trog
   651 | D:1      | Reached XP level 3. HP: 29/33 MP: 2/2
   916 | D:2      | Found a shattered altar of Ashenzari.
   988 | D:2      | Reached skill level 5 in Axes
  1246 | D:2      | Found a shimmering altar of Xom.
  1352 | D:2      | Found a shimmering altar of Xom.
  1638 | D:3      | Noticed Grinder
  1650 | D:3      | Killed Grinder
  1650 | D:3      | Reached skill level 5 in Fighting
  1650 | D:3      | Reached skill level 6 in Axes
  1650 | D:3      | Reached XP level 4. HP: 40/42 MP: 3/3
  1650 | D:3      | Reached XP level 5. HP: 45/48 MP: 4/4
  1654 | D:3      | Reached skill level 7 in Axes
  1654 | D:3      | Reached XP level 6. HP: 52/56 MP: 5/5
  1862 | D:3      | Noticed Terence
  1875 | D:3      | Killed Terence
  2910 | D:4      | Reached *** piety under Trog
  2910 | D:4      | Reached skill level 8 in Axes
  2993 | D:4      | Found a staircase to the Ecumenical Temple.
  3020 | D:4      | Reached XP level 7. HP: 63/63 MP: 6/6
  3159 | D:4      | Found a glowing golden altar of the Shining One.
  3226 | D:4      | Found a deep blue altar of Sif Muna.
  3469 | D:4      | Found a basalt altar of Yredelemnul.
  3687 | D:5      | Entered Level 5 of the Dungeon
  3843 | D:5      | Reached skill level 9 in Axes
  4142 | D:5      | Found an oddly glowing altar of Pakellas.
  4550 | D:6      | Reached XP level 8. HP: 73/73 MP: 7/7
  4568 | D:6      | Reached skill level 10 in Axes
  5174 | D:7      | Found a sacrificial altar of Ru.
  5214 | D:7      | Found a radiant altar of Vehumet.
  5270 | D:7      | Reached **** piety under Trog
  5417 | D:7      | Noticed Pikel
  5432 | D:7      | Killed Pikel
  5432 | D:7      | Reached skill level 11 in Axes
  5442 | D:7      | Noticed Menkaure
  5450 | D:7      | Killed Menkaure
  5450 | D:7      | Reached XP level 9. HP: 60/83 MP: 8/8
  5528 | D:7      | Reached skill level 12 in Axes
  5543 | D:7      | Found a flagged portal.
  5566 | Bailey   | Entered a bailey
  5566 | Bailey   | Noticed Bregath's ghost (novice HOFi)
  6144 | D:8      | Noticed Psyche
  6153 | D:8      | Cast into level 1 of the Abyss (Psyche)
  6153 | Abyss:1  | Found a snail-covered altar of Cheibriados.
  6219 | Abyss:1  | Reached skill level 13 in Axes
  6259 | Abyss:1  | Noticed a large abomination
  6290 | Abyss:1  | Noticed a thrashing horror
  6301 | Abyss:1  | Noticed a large abomination
  6305 | Abyss:1  | Slain by a thrashing horror

Vault maps used:
D:1:      nicolae_arrival_somewhat_less_tricky_arrival, minmay_bisected
D:2:      xom_redecorated, nicolae_overflow_hidden_temple
D:3:      uniq_terence, uniq_grinder
D:4:      kennysheep_mini_moat, marbit_many_paths,
          minmay_temple_entry_statues_pillars, first_bread,
          serial_bayou_lagoon_a, tgw_sif
D:5:      kennysheep_mini
D:7:      vehumet_altar_wand_db, lemuel_crystal_altar, enter_bailey_3,
          the_bakery, uniq_pikel, uniq_menkaure
D:8:      minmay_cut_squares, uniq_psyche
Abyss:1:  hangedman_abyss_exit_choices
Bailey:   bailey_polearm_flooded_kennysheep, bailey

Skill      XL: |  1  2  3  4  5  6  7  8  9 |
---------------+----------------------------+-----
Axes           | 4 6 7 8 9 11 13 | 13.0
Fighting       | 4 5 6 7 9 |  9.8
Armour         | |  2.4
Dodging        | |  2.1

Action                   |  1- 3 |  4- 6 |  7- 9 || total
-------------------------+-------+-------+-------++-------
Melee: Hand axe          |    93 |    76 |    43 ||   212
       War axe           |       |       |   204 ||   204
Invok: Berserk           |     1 |     1 |     2 ||     4
  Use: Scroll            |       |     9 |    11 ||    20
       Potion            |       |       |     1 ||     1
 Stab: Sleeping          |     1 |       |       ||     1
  Eat: Chunk             |     2 |     7 |    12 ||    21
